 Dungeon Crawl Stone Soup version 0.26.1-2-gb8aa6d0cf2 (webtiles) character file.

Game seed: 17060822819266349192

1013 Groucho the Covert (level 8, -6/36 HPs)
             Began as a Spriggan Enchanter on Feb 24, 2021.
             Was an Initiate of Kikubaaqudgha.
             Killed by divine providence
             ... invoked by an orc priest
              (15 damage)
             ... on level 6 of the Dungeon.
             The game lasted 00:19:11 (13960 turns).

Groucho the Covert (Spriggan Enchanter)            Turns: 13960, Time: 00:19:12

Health: -6/36      AC:  4    Str:  6    XL:     8   Next: 1%
Magic:  8/17       EV: 18    Int: 16    God:    Kikubaaqudgha [......]
Gold:   352        SH:  0    Dex: 17    Spells: 9/18 levels left

rFire    + . .     SeeInvis +   a - +1 dagger
rCold    . . .     Faith    .   (shield restricted)
rNeg     . . .     Spirit   .   m - +1 robe {rF+}
rPois    .         Reflect  .   (helmet restricted)
rElec    .         Harm     .   b - +0 cloak
rCorr    .         Rampage  .   (gloves unavailable)
Will     +....                  (boots unavailable)
Stlth    ++++++....             (no amulet)
HPRegen  0.12/turn              j - ring of stealth
MPRegen  0.15/turn              (no ring)

@: confusing touch, very slightly contaminated, very quick
A: very small, unfitting armour, see invisible, speed 3
a: Renounce Religion


You were on level 6 of the Dungeon.
You worshipped Kikubaaqudgha.
Kikubaaqudgha was noncommittal.
You visited 2 branches of the dungeon, and saw 8 of its levels.

You collected 352 gold pieces.

Inventory:

Hand Weapons
 a - a +1 dagger (weapon)
Missiles
 d - 145 stones
 r - 9 poisoned darts (quivered)
Armour
 b - a +0 cloak (worn)
 m - a +1 robe of fire resistance (worn)
 x - a +0 buckler
Jewellery
 e - a cursed amulet of inaccuracy {unknown}
 j - a ring of stealth (left hand)
Wands
 o - a wand of iceblast (11)
 q - a wand of flame (4)
 u - a wand of disintegration (16)
 y - a wand of paralysis (11)
Scrolls
 c - a scroll of identify
 f - 2 scrolls of remove curse
 l - 2 scrolls of fog
 n - a scroll of enchant armour
 p - a scroll of teleportation
 t - 2 scrolls of amnesia
 w - 2 scrolls of fear {unknown}
Potions
 g - a potion of curing
 h - a potion of flight
 i - a potion of heal wounds {unknown}
 k - a potion of ambrosia {unknown}
 s - a potion of brilliance
 v - a potion of lignification {unknown}
 z - a potion of mutation {unknown}


   Skills:
 - Level 1.1 Short Blades
 - Level 3.0 Dodging
 * Level 11.5 Stealth
 + Level 5.7 Spellcasting
 + Level 6.3 Hexes


You had 9 spell levels left.
You knew the following spells:

 Your Spells              Type           Power        Failure   Level
a - Corona                Hex            26%          1%          1
b - Ensorcelled Hibernat  Hex/Ice        28%          6%          2
c - Confusing Touch       Hex            24%          3%          3
d - Dazzling Flash        Conj/Hex       28%          12%         3

Your spell library contained the following spells:

 Spells                   Type           Power        Failure   Level
 Tukima's Dance           Hex            24%          3%          3


Dungeon Overview and Level Annotations

Branches:
Dungeon (7/15)             Temple (1/1) D:5

Altars:
Ashenzari
Cheibriados
Dithmenos
Elyvilon
Fedhas
Gozag
Hepliaklqana
Kikubaaqudgha
Makhleb
Nemelex Xobeh
Okawaru
Qazlal
Ru
Sif Muna
Trog
Uskayaw
Vehumet
Wu Jian
Yredelemnul
Zin
The Shining One


Innate Abilities, Weirdness & Mutations

You are very small and have problems with some larger weapons.
You are too small for most types of armour.
You have supernaturally acute eyesight. (SInv)
You cover ground extremely quickly.


Message History

The orc priest mumbles some strange prayers to Beogh against you.
Beogh smites you!
Casting: Ensorcelled Hibernation (safe; 6% risk of failure)
Confirm with . or Enter, or press ? or * to list all spells.
Aiming: Ensorcelled Hibernation (safe; 6% risk of failure)
Press: ? - help, Shift-Dir - straight line, f/p - orc priest
Aim: an orc priest, wielding a +0 whip and wearing a cursed +0 ring mail (chance to affect: 45%)
The orc priest looks drowsy...
The bullfrog hits you!
The orc priest shouts!
You hit the orc priest but do no damage.
The bullfrog completely misses you. The orc priest hits you with a +0 whip.
Casting: Ensorcelled Hibernation (safe; 6% risk of failure)
Confirm with . or Enter, or press ? or * to list all spells.
Your hands begin to glow red.
The bullfrog hits you.
* * * LOW HITPOINT WARNING * * *
The orc priest calls down the wrath of Beogh upon you.
Beogh smites you!
You die...
Kikubaaqudgha rasps: "You have failed me!
Welcome... death!"

........### #.####..#
.##.....# #.# #..#
###......####
#####.####..# # #.....
....##...........# #
.............?...#
.................#..
........)............
......F............#..
......o@.......#...#
.....................
#....#.........#..##..
...# ####..[..##..# ..
.. .....## ..# .
.......# .# .....#
.....


You could see a bullfrog and an orc priest.

Vanquished Creatures
  An orc warrior (D:6)
  2 centaurs
  3 ogres
  A bullfrog (D:6)
  A hound (D:5)
  A bullfrog skeleton (D:4)
  A centaur skeleton (D:5)
  Jessica (D:3)
  Ijyb (D:3)
  3 worker ants
  Terence (D:3)
  A hound skeleton (D:5)
  7 adders
  A white imp (D:5)
  2 ufetubi
  2 worms
  3 dart slugs
  5 leopard geckos
  11 orcs
  A ball python (D:3)
  8 bats
  3 giant cockroaches
  12 goblins
  11 hobgoblins
  6 jackals
  3 quokkas
  11 frilled lizards
  5 kobolds
  11 rats
119 creatures vanquished.

Notes
Turn   | Place    | Note
-------+----------+-------------------------------------------
     0 | D:1      | Groucho the Spriggan Enchanter began the quest for the Orb.
     0 | D:1      | Reached XP level 1. HP: 9/9 MP: 5/5
     3 | D:1      | Noticed an electric eel
     4 | D:1      | Noticed an electric eel
   122 | D:1      | Reached skill level 5 in Stealth
   575 | D:1      | Reached XP level 2. HP: 1/13 MP: 6/6
  1262 | D:1      | Learned a level 2 spell: Ensorcelled Hibernation
  1330 | D:1      | Reached skill level 6 in Stealth
  2694 | D:1      | Reached XP level 3. HP: 16/16 MP: 8/8
  2698 | D:1      | Learned a level 3 spell: Confusing Touch
  3956 | D:2      | Reached skill level 7 in Stealth
  3985 | D:2      | Found a faded altar of an unknown god.
  4524 | D:2      | Reached XP level 4. HP: 21/21 MP: 9/9
  6241 | D:3      | Learned a level 3 spell: Dazzling Flash
  6709 | D:3      | Noticed Ijyb
  6716 | D:3      | Killed Ijyb
  6779 | D:3      | Reached XP level 5. HP: 24/24 MP: 8/11
  6891 | D:3      | Reached skill level 8 in Stealth
  7512 | D:3      | Noticed Jessica
  7512 | D:3      | Noticed Terence
  7552 | D:3      | Killed Terence
  7727 | D:3      | Killed Jessica
  7811 | D:3      | Found a basalt altar of Yredelemnul.
  7812 | D:3      | Found a radiant altar of Vehumet.
  7812 | D:3      | Found a hide-covered altar of Uskayaw.
  7814 | D:3      | Found a sacrificial altar of Ru.
  8383 | D:4      | Reached XP level 6. HP: 28/28 MP: 13/13
  8391 | D:4      | Reached skill level 9 in Stealth
  8970 | D:4      | Reached skill level 5 in Hexes
  9034 | D:5      | Entered Level 5 of the Dungeon
 10539 | D:5      | Found a staircase to the Ecumenical Temple.
 10575 | Temple   | Entered the Ecumenical Temple
 10832 | Temple   | Became a worshipper of Kikubaaqudgha
 10871 | Temple   | Reached skill level 10 in Stealth
 10871 | Temple   | Reached XP level 7. HP: 16/32 MP: 11/15
 11859 | D:5      | Reached skill level 5 in Spellcasting
 12732 | D:5      | Found a stormy altar of Qazlal.
 12732 | D:5      | Found a white marble altar of Elyvilon.
 13224 | D:6      | Reached skill level 11 in Stealth
 13955 | D:6      | Reached XP level 8. HP: 36/36 MP: 14/17
 13960 | D:6      | Killed from afar by an orc priest

Illustrated notes

Levels and vault maps discovered:
D:1:      arrival_aquarium_b, layout_loops_ring
D:2:      layout_rooms, chequers_ecumenical_altar_simple_redux,
          roderic_lattice_a
D:3:      layout_basic, minitemple, uniq_jessica, uniq_ijyb, uniq_terence
D:4:      layout_cave_pods
D:5:      layout_rooms, grunt_temple_overflow_open,
          minmay_temple_entry_mini_moons, kennysheep_cluttered_room
D:6:      layout_rooms
D:7:      layout_loops_cross, fedhas_ov_isle_minmay
Temple:   regret_index_temple_generic_petals

Skill      XL: |  1  2  3  4  5  6  7 |
---------------+----------------------+-----
Stealth        | 5 6 7 8 10 11 | 11.5
Spellcasting   | 3 4 5 |  5.7
Hexes          | 4 5 6 |  6.3
Short Blades   | |  1.1
Dodging        | |  3.0

Action                   |  1- 3 |  4- 6 |  7- 9 || total
-------------------------+-------+-------+-------++-------
Melee: Dagger            |   222 |   138 |    91 ||   451
Throw: Stone             |     1 |     7 |       ||     8
       Dart              |       |    10 |       ||    10
 Cast: Corona            |     3 |       |       ||     3
       Ensorcelled Hiber |    15 |    52 |    19 ||    86
       Confusing Touch   |     1 |     6 |     8 ||    15
  Use: Scroll            |       |     4 |     2 ||     6
       Potion            |       |     3 |     1 ||     4
 Stab: Sleeping          |    21 |    35 |    13 ||    69
       Confused          |     1 |     5 |     4 ||    10
Armor: Robe              |    23 |    11 |    12 ||    46
Dodge: Dodged            |   219 |   111 |    98 ||   428
